 Dungeon Crawl Stone Soup version 0.28.0-43-g3370ac3207 (webtiles) character file.

Game seed: 374351368611563777

194 zeratav the Insei (level 5, -4/33 HPs)
             Began as an Octopode Transmuter on Mar 30, 2022.
             Slain by Dowan
             ... wielding a +0 dagger
              (7 damage)
             ... on level 4 of the Dungeon.
             The game lasted 00:34:49 (4957 turns).

zeratav the Insei (Octopode Transmuter)             Turns: 4957, Time: 00:34:50

Health: -4/33      AC:  2    Str: 10    XL:     5   Next: 73%
Magic:  17/17      EV: 25    Int: 19    God:
Gold:   97         SH:  0    Dex: 25    Spells: 4/8 levels left

rFire   . . .      SeeInvis .     - Unarmed
rCold   . . .      Faith    .   (shield currently unavailable)
rNeg    . . .      Spirit   .   (helmet currently unavailable)
rPois   x          Reflect  .   (no amulet)
rElec   .          Harm     .   d - ring of the Burgomaster {Int+4 Dex+6}
rCorr   .          Rampage  .   i - ring of magical power
Will    .....                   m - +4 ring of evasion
Stlth   +++.......              (no ring)
HPRegen 0.11/turn               (no ring)
MPRegen 0.15/turn               (no ring)
                                (no ring)
                                (no ring)

@: mighty, spider-form (expiring)
A: venomous fangs, almost no armour, (amphibious), 8 rings, tiny, (camouflage
1), (gelatinous body 1), (nimble swimmer 1), (tentacles)
a: End Transformation


You were on level 4 of the Dungeon.
You were a venomous arachnid creature.
You visited 1 branch of the dungeon, and saw 4 of its levels.

You collected 97 gold pieces.

Inventory:

Hand Weapons
 f - a +0 hunting sling
 k - a +1 dagger of protection
Missiles
 a - 27 stones (quivered)
 b - 8 javelins
 c - 20 arrows
 e - 3 boomerangs
 h - 25 sling bullets
Jewellery
 d - the ring of the Burgomaster (left front leg) {Int+4 Dex+6}
   (You acquired it on level 1 of the Dungeon)

   [ring of dexterity]

   Int:       It affects your intelligence (+4).
   Dex:       It affects your dexterity (+6).
 i - a ring of magical power (right front leg)
 m - a +4 ring of evasion (on tentacle)
Scrolls
 g - 2 scrolls of identify {unknown}
 o - a scroll of vulnerability {unknown}
 p - a scroll of noise {unknown}
 q - a scroll of blinking {unknown}
Potions
 n - a potion of resistance {unknown}


   Skills:
 + Level 1.2 Fighting
 - Level 0.1 Throwing
 + Level 2.7 Dodging
 + Level 2.3 Stealth
 + Level 4.7 Unarmed Combat
 + Level 2.2 Spellcasting
 * Level 3.0 Transmutations
 + Level 0.2 Poison Magic


You had 4 spell levels left.
You knew the following spells:

 Your Spells              Type           Power      Damage    Failure   Level
a - Beastly Appendage     Tmut           26%        N/A       14%         1
b - Spider Form           Tmut/Pois      8%         N/A       47%         3

Your spell library contained the following spells:

 Spells                   Type           Power      Damage    Failure   Level
 Wereblood                Tmut           13%        N/A       19%         2
 Freeze                   Ice            8%         1d3       36%         1
 Frozen Ramparts          Ice            4%         1d2       67%         3
 Ozocubu's Armour         Ice            2%         N/A       67%         3
 Ice Form                 Ice/Tmut       7%         N/A       83%         4
 Hailstorm                Conj/Ice       2%         3d3       95%         4
 Ozocubu's Refrigeration  Ice            1%         4d5       100%        7


Dungeon Overview and Level Annotations

Branches:
Dungeon (4/15)
 Temple: D:4-7

Altars:
Fedhas
Hepliaklqana
Yredelemnul

Annotations:
D:4 Dowan, Duvessa


Innate Abilities, Weirdness & Mutations

You are a venomous arachnid creature.
You have poisonous fangs.
You are tiny and dextrous.
Your spellcasting is less reliable in this form.
Your armour is entirely melded.
You are incapable of wielding weapons or throwing items.
You cannot wear most types of armour.
((You are amphibious.))
You can wear up to eight rings at the same time.
((Your skin changes colour to match your surroundings (Stealth+).))
((Your rubbery body absorbs attacks. (AC +1, EV +1)))
((You are camouflaged when in or above water. (Stealth+)))
((You have tentacles for arms and can constrict up to eight enemies at once.))


Message History

Attack: -) Tentacles
Press: ? - help, Dir - move target, f - Duvessa
Aim: Duvessa, wielding a +0 rapier and wearing a +0 ring mail (about 29% to evade your tentacles)
Okay, then.
Casting: Spider Form (quite dangerous; 26% risk of failure)
Confirm with . or Enter, or press ? or * to list all spells.
You don't know that spell.
Casting: Spider Form (quite dangerous; 26% risk of failure)
Confirm with . or Enter, or press ? or * to list all spells.
The spell is quite dangerous to miscast (26% risk of failure)!
Continue anyway?
You turn into a venomous arachnid creature.
Dowan shouts!
Dowan zaps a wand.
Some rock shatters into small pieces.
Duvessa hits you with a +0 rapier!
You hit Duvessa.
Duvessa is lightly wounded.
Duvessa misses you.
You barely miss Duvessa.
Duvessa is lightly wounded.
You barely miss Duvessa.
Duvessa is lightly wounded.
Your transformation is almost over.
Duvessa hits you with a +0 rapier.
It was a potion of magic.
Magic courses through your body. Duvessa completely misses you.
You hit Duvessa but do no damage.
Duvessa is poisoned.
Duvessa is lightly wounded.
Dowan says, "Stay away from my face!"
Dowan closely misses you.
Duvessa says, "When magic and the sword combine, nothing stands against them."
Duvessa hits you with a +0 rapier.
You hit Duvessa but do no damage.
Duvessa looks as sick as possible!
Duvessa is moderately wounded.
Dowan points at you and mumbles some strange words.
The puff of frost hits you!
* * * LOW HITPOINT WARNING * * *
It was a potion of might.
You feel very mighty all of a sudden. Duvessa barely misses you.
Dowan hits you with a +0 dagger!
You die...

#. #.. #.##.# ##..#.#
...#.# #..#.# #
#..#.##############.#
#..#.......#...e....#
#..............se...#
##.######..##########
#.# #.## ###.# #.#
.##.# #<# ....# #.#
.#### #.# ## #.# #
#.#


You could see Duvessa (extremely poisoned) and Dowan.

Vanquished Creatures
  A water moccasin skeleton (D:4)
  Robin (D:2)
  5 adders
  A worm (D:2)
  3 dart slugs
  4 orcs
  8 ball pythons
  9 bats
  An endoplasm (D:1)
  3 giant cockroaches
  13 goblins
  7 hobgoblins
  6 kobolds
  4 quokkas
  3 frilled lizards
  6 rats
75 creatures vanquished.

Vanquished Creatures (others)
  7 fungi (D:3)
  4 plants (D:3)
11 creatures vanquished.

Grand Total: 86 creatures vanquished

Notes
Turn   | Place    | Note
-------+----------+-------------------------------------------
     0 | D:1      | zeratav the Octopode Transmuter began the quest for the
                  | Orb.
     0 | D:1      | Reached XP level 1. HP: 13/13 MP: 3/3
   151 | D:1      | Reached XP level 2. HP: 13/18 MP: 5/5
   613 | D:1      | Found a faded altar of an unknown god.
   634 | D:1      | Identified a scroll of acquirement
   634 | D:1      | Acquired the ring of the Burgomaster {Int+4 Dex+6}
  1276 | D:1      | Reached XP level 3. HP: 21/23 MP: 6/6
  2037 | D:2      | Found a basalt altar of Yredelemnul.
  2090 | D:2      | Noticed Robin
  2122 | D:2      | Reached skill level 1 in Stealth
  2166 | D:2      | Killed Robin
  2167 | D:2      | Reached skill level 4 in Unarmed Combat
  2341 | D:2      | Reached XP level 4. HP: 9/28 MP: 7/7
  2625 | D:2      | Learned a level 3 spell: Spider Form
  3988 | D:3      | Found a blossoming altar of Fedhas.
  4123 | D:3      | Reached XP level 5. HP: 26/33 MP: 8/8
  4222 | D:3      | Found a hazy altar of Hepliaklqana.
  4945 | D:4      | Noticed Duvessa
  4949 | D:4      | Noticed Dowan
  4957 | D:4      | Slain by Dowan

Illustrated notes

Levels and vault maps discovered:
D:1:      dpeg_arrival_round_c, layout_basic, chequers_ecumenical_altar_simple
D:2:      layout_loops_ring, basic_altar, uniq_robin
D:3:      layout_loops_ring, marbit_many_paths, fedhas_altar_3
D:4:      nicolae_cairo_tiling, layout_loops_ring, uniq_duvessa

Skill      XL: |  1  2  3  4  5 |
---------------+----------------+-----
Stealth        | 1 2 |  2.3
Unarmed Combat | 4 |  4.7
Transmutations | 3 |  3.0
Fighting       | |  1.2
Throwing       | |  0.1
Dodging        | |  2.7
Spellcasting   | |  2.2
Poison Magic   | |  0.2

Action                   |  1- 3 |  4- 6 || total
-------------------------+-------+-------++-------
Melee: Unarmed           |    86 |    81 ||   167
       Constrict         |    20 |    21 ||    41
       Tentacles         |     7 |    16 ||    23
       Kick              |       |     9 ||     9
       Dagger            |       |     3 ||     3
       Punch             |       |     1 ||     1
Throw: Stone             |    33 |    20 ||    53
       Javelin           |    10 |    10 ||    20
 Cast: Beastly Appendage |       |    10 ||    10
       Spider Form       |       |     3 ||     3
  Use: Potion            |     2 |     2 ||     4
       Scroll            |     2 |       ||     2
 Stab: Sleeping          |     2 |     3 ||     5
Armor: Skin              |    12 |     4 ||    16
Dodge: Dodged            |    55 |    56 ||   111
